 Dungeon Crawl Stone Soup version 0.29.1-12-g30fa7ad0bf (webtiles) character file.

Game seed: 9748064065253446273

30 javelincjr the Chopper (level 3, 0/27 HPs)
             Began as a Demonspawn Gladiator on Jan 9, 2023.
             Slain by a quokka (4 damage)
             ... on level 2 of the Dungeon.
             The game lasted 00:02:05 (825 turns).

javelincjr the Chopper (Demonspawn Gladiator)        Turns: 825, Time: 00:02:06

Health: 0/27       AC:  5    Str: 14    XL:     3   Next: 3%
Magic:  3/3        EV: 12    Int:  9    God:
Gold:   65         SH:  0    Dex: 16    Spells: 2/2 levels left

rFire   . . .      SeeInvis .   a - +0 war axe
rCold   . . .      Faith    .   (no shield)
rNeg    . . .      Spirit   .   b - +0 leather armour
rPois   .          Reflect  .   c - +0 helmet
rElec   .          Harm     .   (no cloak)
rCorr   .          Rampage  .   (no gloves)
Will    .....                   (no boots)
Stlth   +.........              (no amulet)
HPRegen 0.09/turn               (no ring)
MPRegen 0.16/turn               (no ring)

@: no status effects
A: magic regeneration, sharp scales 1
a: no special abilities


You were on level 2 of the Dungeon.
You visited 1 branch of the dungeon, and saw 2 of its levels.

You collected 65 gold pieces.

Inventory:

Hand Weapons
 a - a +0 war axe (weapon)
Missiles
 d - 3 throwing nets (quivered)
 e - a javelin
Armour
 b - a +0 leather armour (worn)
 c - a +0 helmet (worn)
Jewellery
 g - a ring of magical power
Scrolls
 f - a scroll of teleportation {unknown}
 i - a scroll of immolation {unknown}
 j - 2 scrolls of silence {unknown}
 k - a scroll of identify {unknown}
Potions
 h - a potion of lignification {unknown}


   Skills:
 + Level 2.1 Fighting
 + Level 3.3 Axes
 + Level 1.8 Throwing
 + Level 0.4 Armour
 + Level 3.0 Dodging


You had 2 spell levels left.
You didn't know any spells.
Your spell library contained the following spells:

 Spells                   Type           Power      Damage    Failure   Level
 Conjure Flame            Conj/Fire      0%         6-21      83%         3
 Ignite Poison            Fire/Tmut/Pois 0%         N/A       83%         3
 Sticky Flame             Conj/Fire      0%         2d3       99%         4


Dungeon Overview and Level Annotations

Branches:
Dungeon (2/15)

Altars:


Innate Abilities, Weirdness & Mutations

You regenerate magic rapidly.
You are partially covered in razor-sharp scales. (AC +1, Slay +1)


Message History

There is a stone staircase leading up here.
The ball python hisses angrily.
The ball python bites you. The ball python barely misses you.
You barely miss the ball python. You hit the quokka but do no damage.
The ball python closely misses you. The ball python grabs you.
The ball python constricts you. The quokka barely misses you.
The ball python bites you. The ball python constricts you.
The quokka barely misses you.
You closely miss the ball python. You closely miss the quokka.
The ball python bites you but does no damage.
The ball python constricts you. The quokka closely misses you.
The ball python bites you. The ball python constricts you.
You hit the quokka but do no damage. You hit the ball python.
The quokka closely misses you.
The ball python bites you but does no damage.
The ball python constricts you.
The quokka bites you but does no damage.
You barely miss the quokka. You closely miss the ball python.
The ball python closely misses you. The ball python constricts you.
The quokka bites you.
The ball python bites you but does no damage.
The ball python constricts you.
You barely miss the quokka. You closely miss the ball python.
The quokka bites you.
The ball python bites you but does no damage.
The ball python constricts you. The quokka bites you.
The ball python closely misses you. The ball python constricts you.
* * * LOW HITPOINT WARNING * * *
You slash the ball python!
You kill the ball python!
You barely miss the quokka. The quokka bites you.
* * * LOW HITPOINT WARNING * * *
The quokka misses you.
You closely miss the quokka. The quokka bites you.
* * * LOW HITPOINT WARNING * * *
You closely miss the quokka. The quokka closely misses you.
The quokka barely misses you.
You completely miss the quokka. The quokka barely misses you.
The quokka bites you.
You die...

..# #.# #.#
#.# #.#
#####.#####
#.....<...#
#.........#
#....@....#
#...r†....#
#.........#
#.........#
#.........#
+............
##.........###
###.....###


You could see a quokka.

Vanquished Creatures
  A dart slug (D:1)
  4 ball pythons
  3 endoplasms (D:1)
  A giant cockroach (D:1)
  4 hobgoblins (D:1)
  3 kobolds (D:1)
  3 quokkas (D:1)
  A bat (D:1)
  3 frilled lizards (D:1)
  A rat (D:1)
  A spectral kobold (D:1)
25 creatures vanquished.

Notes
Turn   | Place    | Note
-------+----------+-------------------------------------------
     0 | D:1      | javelincjr the Demonspawn Gladiator began the quest for the
                  | Orb.
     0 | D:1      | Reached XP level 1. HP: 16/16 MP: 1/1
   153 | D:1      | Gained mutation: You are partially covered in razor-sharp
                  | scales. (AC +1, Slay +1) [demonic ancestry]
   153 | D:1      | Reached XP level 2. HP: 13/22 MP: 2/2
   599 | D:1      | Found a faded altar of an unknown god.
   731 | D:1      | Gained mutation: You regenerate magic rapidly. [demonic
                  | ancestry]
   731 | D:1      | Reached XP level 3. HP: 26/27 MP: 3/3
   825 | D:2      | Slain by a quokka

Illustrated notes

Levels and vault maps discovered:
D:1:      kennysheep_arrival_forest, layout_rooms,
          dreamdust_ecumenical_altar_drowned_temple,
          nicolae_kite_square_tiling_tiny
D:2:      layout_loops_corners, basic_altar, uniq_robin, uniq_jessica

Skill      XL: |  1  2 |
---------------+-------+-----
Axes           | 3 |  3.3
Dodging        | 3 |  3.0
Fighting       | |  2.1
Throwing       | |  1.8
Armour         | |  0.4

Action                   || total
-------------------------++-------
Melee: War axe           ||    66
Armor: Leather armour    ||    21
Dodge: Dodged            ||    59
